[Event "44th Chess Olympiad Open 2022"]
[Site "Chennai"]
[Date "2022.08.09"]
[Round "11.17"]
[White "Supi, Luis Paulo"]
[Black "Subelj, Jan"]
[Result "1-0"]
[ECO "C54"]
[WhiteElo "2603"]
[BlackElo "2498"]
[Annotator "RC"]
[PlyCount "81"]
[EventDate "2022.07.29"]
[EventType "team-tourn"]
[EventCountry "IND"]
[SourceTitle "playchess.com"]
[Source "ChessBase"]
[SourceQuality "1"]
[WhiteTeam "Brazil"]
[BlackTeam "Slovenia"]
[WhiteTeamCountry "BRA"]
[BlackTeamCountry "SLO"]
[TimeControl "40/5400+30:1800+30"]

1. e4 e5 2. Nf3 Nc6 3. Bc4 Bc5 4. d3 Nf6 5. O-O d6 6. c3 h6 7. Re1 O-O 8. h3 a5 9. d4 Ba7 10. Bb3 b5 11. Be3 exd4 12. cxd4 a4 13. Bc2 Nb4 14. Nbd2 c5 15. Bb1 Nd7 16. Nf1 Nc6 17. Ng3 cxd4 18. Nxd4 Nxd4 19. Bxd4 Ne5 20. Bxa7 Rxa7 21. Bd3 Qb6 22. Rc1 Be6 23. a3 b4 24. Bf1 bxa3 25. bxa3 Rd8 26. Qd2 Rb7 27. Re3 Qa7 28. Kh2 Ng6 29. Rec3 d5 30. f4 d4 31. f5 Bd7 32. Rc5 Nf8 33. f6 Rb6 34. fxg7 Ne6 35. Qxh6 Nxg7 36. Qh4 Qb8 37. e5 Nf5 38. Nxf5 Bxf5 39. Qg5+ Bg6 40. Rc6 d3 41. Bxd3 1-0

[Event "44th Chess Olympiad Open 2022"]
[Site "Chennai"]
[Date "2022.08.09"]
[Round "11.17"]
[White "Borisek, Jure"]
[Black "Fier, Alexandr"]
[Result "1/2-1/2"]
[ECO "B31"]
[WhiteElo "2577"]
[BlackElo "2567"]
[Annotator "TA"]
[PlyCount "84"]
[EventDate "2022.07.29"]
[EventType "team-tourn"]
[EventCountry "IND"]
[SourceTitle "playchess.com"]
[Source "ChessBase"]
[SourceQuality "1"]
[WhiteTeam "Slovenia"]
[BlackTeam "Brazil"]
[WhiteTeamCountry "SLO"]
[BlackTeamCountry "BRA"]
[TimeControl "40/5400+30:1800+30"]

1. e4 c5 2. Nf3 Nc6 3. Bb5 g6 4. O-O Bg7 5. c3 Nf6 6. Re1 a6 7. Bxc6 dxc6 8. h3 O-O 9. d4 cxd4 10. cxd4 c5 11. d5 $1 {[%emt 0:05:57] 11.d5 scores better than 11.e5. B31: Sicilian: 2...Nc6 3 Bb5 g6.} b5 $1 12. Nc3 Bb7 13. Bg5 h6 14. Bf4 {[%emt 0:00:22] [#]} e6 $146 ({Predecessor:} 14... Nh5 15. Be5 Nf6 16. Rc1 Rc8 17. Qd2 Qd7 18. b3 Rfd8 19. Bf4 g5 20. Ne5 Qe8 {1-0 (51) Sardana,R (2461)-Matlakov,M (2685) Chess.com INT 2020}) 15. dxe6 {[%emt 0:01:50] Hoping for Qxd8.} Qxd1 16. Raxd1 {[%emt 0:03:04] next Bd6 is good for White.} fxe6 17. Bd6 Rfc8 18. a3 Nd7 19. Re2 Nb6 20. Be5 b4 21. Bxg7 Kxg7 22. Nb1 a5 (22... Kf6 {is more complex.} 23. Rd6 Rc6 24. e5+ Ke7) 23. Ne5 Rd8 {[%emt 0:03:00] Prevents Rd6.} 24. Rc1 (24. Rxd8 $11 Rxd8 25. Rd2 Rxd2 26. Nxd2) 24... Rac8 (24... Nd7 $5 25. Nf3 (25. Nxd7 Rxd7 26. Nd2 Ba6 $11) 25... Rac8 $11) 25. f3 Ba6 26. Rd2 {[%emt 0:00:25] The position is equal.} Rxd2 27. Nxd2 c4 28. axb4 axb4 29. Ra1 c3 30. bxc3 bxc3 31. Nb3 {[%emt 0:00:04] Pair of Knights!} Nc4 32. Rxa6 Nxe5 33. Rxe6 $11 {[%emt 0:00:03][%mdl 4096] Endgame KRN-KRN} Nd3 {[%emt 0:01:15] [#] ...Nc5 is the strong threat.} 34. Rd6 Nf4 35. Kf2 c2 36. Nc1 Ra8 37. Rc6 Ra1 $1 38. Ke3 Nxg2+ 39. Kd2 $132 {[%emt 0:00:04][%mdl 2048] White is fighting back} Nf4 40. Rxc2 Ra3 41. Rc3 Rxc3 42. Kxc3 Nxh3 {[%emt 0:00:04] Weighted Error Value: White=0.08 (flawless) /Black=0.05 (flawless)} 1/2-1/2

[Event "44th Chess Olympiad Open 2022"]
[Site "Chennai"]
[Date "2022.08.09"]
[Round "11.17"]
[White "Mekhitarian, Krikor Sevag"]
[Black "Markoja, Boris"]
[Result "1-0"]
[ECO "E14"]
[WhiteElo "2542"]
[BlackElo "2452"]
[Annotator "RC"]
[PlyCount "67"]
[EventDate "2022.07.29"]
[EventType "team-tourn"]
[EventCountry "IND"]
[SourceTitle "playchess.com"]
[Source "ChessBase"]
[SourceQuality "1"]
[WhiteTeam "Brazil"]
[BlackTeam "Slovenia"]
[WhiteTeamCountry "BRA"]
[BlackTeamCountry "SLO"]
[TimeControl "40/5400+30:1800+30"]

1. d4 Nf6 2. c4 e6 3. Nf3 Bb4+ 4. Nbd2 b6 5. a3 Bxd2+ 6. Qxd2 Bb7 7. e3 d6 8. b4 Nbd7 9. Bb2 O-O 10. Be2 Ne4 11. Qc2 f5 12. O-O Rf6 13. d5 Rg6 14. Rad1 c5 15. dxe6 Nf8 16. Rd5 Bxd5 17. cxd5 Rc8 18. Bd3 cxb4 19. e7 Qe8 20. exf8=Q+ Qxf8 21. Qb1 bxa3 22. Bxa3 Qe7 23. Rc1 Re8 24. Qc2 Rf6 25. Nd4 Qf7 26. Ne6 Nc5 27. Bb2 Nxd3 28. Qxd3 Rg6 29. Rc7 Re7 30. Rc8+ Re8 31. Qc2 Qd7 32. Rc7 Qb5 33. Qxf5 Kh8 34. Qf7 1-0

[Event "44th Chess Olympiad Open 2022"]
[Site "Chennai"]
[Date "2022.08.09"]
[Round "11.17"]
[White "Dobrovoljc, Vid"]
[Black "Diamant, Andre"]
[Result "0-1"]
[ECO "B30"]
[WhiteElo "2398"]
[BlackElo "2538"]
[Annotator "RC"]
[PlyCount "30"]
[EventDate "2022.07.29"]
[EventType "team-tourn"]
[EventCountry "IND"]
[SourceTitle "playchess.com"]
[Source "ChessBase"]
[SourceQuality "1"]
[WhiteTeam "Slovenia"]
[BlackTeam "Brazil"]
[WhiteTeamCountry "SLO"]
[BlackTeamCountry "BRA"]
[TimeControl "40/5400+30:1800+30"]

1. e4 c5 2. Nf3 Nc6 3. Bb5 e6 4. O-O Nge7 5. Re1 a6 6. Bf1 d5 7. exd5 Nxd5 8. d4 Be7 9. dxc5 O-O 10. Nbd2 Bxc5 11. Ne4 Be7 12. c4 Nf6 13. Qc2 Qc7 14. Bg5 Ng4 15. h3 Nd4 0-1

[Event "44th Chess Olympiad Open 2022"]
[Site "Chennai"]
[Date "2022.08.09"]
[Round "11.18"]
[White "Smirnov, Anton"]
[Black "Henriquez Villagra, Cristobal"]
[Result "0-1"]
[ECO "B62"]
[WhiteElo "2600"]
[BlackElo "2620"]
[Annotator "TA"]
[PlyCount "76"]
[EventDate "2022.07.29"]
[EventType "team-tourn"]
[EventCountry "IND"]
[SourceTitle "playchess.com"]
[Source "ChessBase"]
[SourceQuality "1"]
[WhiteTeam "Australia"]
[BlackTeam "Chile"]
[WhiteTeamCountry "AUS"]
[BlackTeamCountry "CHI"]
[TimeControl "40/5400+30:1800+30"]

1. e4 c5 2. Nf3 d6 3. d4 cxd4 4. Nxd4 Nf6 5. Nc3 Nc6 6. Bg5 e6 7. Qd3 Bd7 $1 {[%emt 0:17:01][%mdl 4] is currently scoring better than 7...a6. B62: Sicilian: Richter-Rauzer: 6...e6: Unusual White 7th moves.} 8. Ndb5 (8. O-O-O $5 ) 8... Nb4 9. Qd1 Qb8 {[%emt 0:00:08] White is slightly better.} 10. Bf4 $1 e5 11. Bg5 a6 12. Na3 b5 13. Bxf6 gxf6 14. Nab1 Bg7 15. a3 Nc6 16. Nd5 f5 {[%emt 0:01:12] [#]} 17. Nbc3 $146 ({Predecessor:} 17. exf5 Bxf5 18. Ne3 Be6 19. Bd3 d5 20. Bf5 e4 21. Bxe6 fxe6 22. Qh5+ Ke7 23. c3 {0-1 (35) Omidi,A (2315)-Darini,P (2436) Sari 2022}) 17... O-O 18. exf5 Bxf5 19. g4 Bg6 20. Bg2 Ra7 21. g5 (21. h4 $14 Nd4 22. Ne3) 21... Nd4 22. Ne4 Kh8 23. h4 f5 24. gxf6 Bh6 {[%emt 0:00:04] White must now prevent ...Qa8.} 25. f4 $2 (25. h5 $11 Bf7 26. Nec3) 25... Raf7 $2 (25... Qa8 $19 26. Ng5 Nxc2+ 27. Kf1 Nxa1 28. Qxa1 Qc8) 26. O-O (26. c3 $5 Ne6 27. fxe5 dxe5 28. Ng5 $11) 26... Qa7 {[%emt 0:03:51] aiming for ...Bxe4.} 27. Kh1 $132 {[%emt 0:01:48][%mdl 2048] White puts up resistance} (27. Nxd6 Rxf6 28. Nxf6 Rxf6 $17) 27... exf4 28. c3 (28. Nxd6 $2 Rd7 29. Nxf4 Rxd6 $19) 28... Ne6 (28... Nf5 $11 29. Nxf4 Rxf6 30. Nxf6 Ng3+ 31. Kh2 Nxf1+ 32. Qxf1 Rxf6 33. Nxg6+ Kg7) 29. Qg4 (29. a4 $14 b4 30. cxb4) 29... Nc7 $15 30. Ne7 ({Wrong is} 30. Nxd6 $2 Nxd5 31. Bxd5 Rxf6 $19) (30. Nxf4 $11 Bxe4 31. Bxe4 Rxf6 32. Qd7 $1) 30... Bxe4 $17 31. Bxe4 {[%emt 0:00:03] [#] Intending Rg1 and mate.} Ne8 $1 {[%emt 0:00:07] The board is on fire.} 32. Nd5 Nxf6 33. Nxf6 {[%emt 0:00:17] Hoping for Nh5.} Rxf6 34. Rf3 $2 ({White should play} 34. Rae1 $15) 34... Qe7 $19 ({Worse is} 34... Rg8 35. Qh3 $17) 35. Bd3 (35. Bd5) 35... Rg8 36. Qh5 Qg7 {[%emt 0:00:34][%csl Gg8][%cal Rg7g2] Black mates.} 37. Rf2 f3 ({Not} 37... Qg3 $2 38. Qf3 $19) 38. Bf5 Be3 {[%emt 0:00:39] Weighted Error Value: White=0.66/Black=0.19 (very precise)} 0-1

[Event "44th Chess Olympiad Open 2022"]
[Site "Chennai"]
[Date "2022.08.09"]
[Round "11.18"]
[White "Cheng, Bobby"]
[Black "Salinas Herrera, Pablo"]
[Result "1-0"]
[ECO "D13"]
[WhiteElo "2540"]
[BlackElo "2526"]
[Annotator "RC"]
[PlyCount "47"]
[EventDate "2022.07.29"]
[EventType "team-tourn"]
[EventCountry "IND"]
[SourceTitle "playchess.com"]
[Source "ChessBase"]
[SourceQuality "1"]
[WhiteTeam "Australia"]
[BlackTeam "Chile"]
[WhiteTeamCountry "AUS"]
[BlackTeamCountry "CHI"]
[TimeControl "40/5400+30:1800+30"]

1. d4 d5 2. c4 c6 3. cxd5 cxd5 4. Nc3 Nc6 5. Nf3 Nf6 6. Bf4 Ne4 7. e3 e6 8. Bd3 g5 9. Bxe4 gxf4 10. Bd3 Bh6 11. e4 dxe4 12. Bxe4 O-O 13. O-O Ne7 14. Qc2 Ng6 15. Rad1 Bg7 16. Rfe1 Qa5 17. d5 Rd8 18. Ng5 Bf6 19. Nxe6 Rd6 20. Bxg6 hxg6 21. Ne4 Be5 22. Nxd6 Bxd6 23. Qe4 Bd7 24. Qd4 1-0

[Event "44th Chess Olympiad Open 2022"]
[Site "Chennai"]
[Date "2022.08.09"]
[Round "11.18"]
[White "Morovic Fernandez, Ivan"]
[Black "Kuybokarov, Temur"]
[Result "1/2-1/2"]
[ECO "D85"]
[WhiteElo "2489"]
[BlackElo "2583"]
[Annotator "RC"]
[PlyCount "104"]
[EventDate "2022.07.29"]
[EventType "team-tourn"]
[EventCountry "IND"]
[SourceTitle "playchess.com"]
[Source "ChessBase"]
[SourceQuality "1"]
[WhiteTeam "Chile"]
[BlackTeam "Australia"]
[WhiteTeamCountry "CHI"]
[BlackTeamCountry "AUS"]
[TimeControl "40/5400+30:1800+30"]

1. d4 Nf6 2. c4 g6 3. Nc3 d5 4. Nf3 Bg7 5. cxd5 Nxd5 6. e4 Nxc3 7. bxc3 c5 8. Rb1 O-O 9. Be2 cxd4 10. cxd4 Qa5+ 11. Qd2 Qxd2+ 12. Bxd2 b6 13. O-O e6 14. Rfd1 Ba6 15. Bxa6 Nxa6 16. a4 Nb8 17. a5 Nd7 18. axb6 axb6 19. d5 exd5 20. exd5 Rfd8 21. Be3 Nf6 22. d6 Ne4 23. Bxb6 Rxd6 24. Rxd6 Nxd6 25. Rd1 h5 26. h3 Ne4 27. Rd8+ Rxd8 28. Bxd8 Bf8 29. Bb6 f6 30. Be3 Kf7 31. Nd2 Nc3 32. Kf1 Ke6 33. Bd4 Nd5 34. Ne4 Be7 35. Nc3 Nf4 36. Be3 Nd3 37. Ke2 Ne5 38. Nb5 f5 39. Nd4+ Kd5 40. Nf3 Nf7 41. h4 Bd6 42. Ng5 Ne5 43. Nh3 Nf7 44. Bf4 Be5 45. Bxe5 Kxe5 46. Ke3 Nh6 47. g3 Ng4+ 48. Ke2 Kf6 49. Nf4 Ne5 50. Ke3 Ng4+ 51. Ke2 Ne5 52. Ke3 Ng4+ 1/2-1/2

[Event "44th Chess Olympiad Open 2022"]
[Site "Chennai"]
[Date "2022.08.09"]
[Round "11.18"]
[White "Lopez Silva, Hugo"]
[Black "Tan, Justin"]
[Result "1/2-1/2"]
[ECO "C54"]
[WhiteElo "2403"]
[BlackElo "2508"]
[Annotator "RC"]
[PlyCount "60"]
[EventDate "2022.07.29"]
[EventType "team-tourn"]
[EventCountry "IND"]
[SourceTitle "playchess.com"]
[Source "ChessBase"]
[SourceQuality "1"]
[WhiteTeam "Chile"]
[BlackTeam "Australia"]
[WhiteTeamCountry "CHI"]
[BlackTeamCountry "AUS"]
[TimeControl "40/5400+30:1800+30"]

1. e4 e5 2. Nf3 Nc6 3. Bc4 Bc5 4. c3 Nf6 5. d3 O-O 6. O-O d6 7. h3 h6 8. Re1 a5 9. Nbd2 Bb6 10. Nf1 Ne7 11. Ng3 c6 12. d4 Ng6 13. Bd3 Bc7 14. a4 Re8 15. Bc2 d5 16. dxe5 Nxe4 17. Nxe4 dxe4 18. Qxd8 Rxd8 19. Bxe4 Nxe5 20. Nxe5 Bxe5 21. Bxc6 Bxc3 22. bxc3 bxc6 23. Be3 Bf5 24. Bb6 Rdb8 25. Bc7 Rb7 26. Re5 Bc2 27. Rxa5 Rxa5 28. Bxa5 Ra7 29. Bb6 Rxa4 30. Rxa4 Bxa4 1/2-1/2

[Event "44th Chess Olympiad Open 2022"]
[Site "Chennai"]
[Date "2022.08.09"]
[Round "11.19"]
[White "Hansen, Eric"]
[Black "Quesada Perez, Yasser"]
[Result "1/2-1/2"]
[ECO "C42"]
[WhiteElo "2606"]
[BlackElo "2568"]
[Annotator "TA"]
[PlyCount "76"]
[EventDate "2022.07.29"]
[EventType "team-tourn"]
[EventCountry "IND"]
[SourceTitle "playchess.com"]
[Source "ChessBase"]
[SourceQuality "1"]
[WhiteTeam "Canada"]
[BlackTeam "Cuba"]
[WhiteTeamCountry "CAN"]
[BlackTeamCountry "CUB"]
[TimeControl "40/5400+30:1800+30"]

1. e4 e5 2. Nf3 Nf6 3. Nxe5 d6 4. Nf3 Nxe4 5. Qe2 Qe7 6. d3 Nf6 7. Nc3 Qxe2+ 8. Bxe2 Bd7 {[%emt 0:00:17] 8...g6 gains popularity. C42: Petroff Defence: 3 Nxe5 and unusual White 3rd moves.} 9. h3 g6 10. Nd4 Nc6 {[%emt 0:06:27] The position is equal.} 11. Be3 {[%emt 0:07:30] [#]} O-O-O $146 ({Predecessor:} 11... a6 12. Bf3 Bg7 13. Nxc6 Bxc6 14. Bxc6+ bxc6 15. g4 Kd7 16. Kd2 Rab8 17. Rab1 h5 18. g5 Nd5 19. Nxd5 cxd5 20. d4 Rhe8 21. f3 Re6 {½-½ (21) Selyanin,D-Yurchenko,N (2074) Kislovodsk 2011}) 12. O-O-O Bg7 13. Rhe1 Rde8 14. Bf1 Ne7 15. Bd2 {[%emt 0:07:03] [#]} Nfd5 ({Better is} 15... Ng4 $1 $15 16. hxg4 Bxd4) 16. Nxd5 Nxd5 17. Nf3 h6 18. d4 b5 19. c3 Bc6 20. Rxe8+ Rxe8 21. Re1 Rxe1+ 22. Nxe1 Kd7 23. Nc2 f5 24. f3 h5 25. b3 Bf6 26. c4 bxc4 27. bxc4 Nb6 28. d5 Bb7 29. Nb4 {[%emt 0:00:05] Prevents Ba6.} h4 30. Kc2 g5 31. Bd3 f4 32. Kb3 Ke8 33. Nc6 a6 (33... Bxc6 $14 34. dxc6 Bd4) 34. Ba5 Kf7 35. Bf5 {[%emt 0:00:52] White is more active.} Bxc6 36. dxc6 {[%emt 0:00:44] [#] Bxb6 is the strong threat.} Bd4 37. Bxb6 ({White should try} 37. Be1 $14) 37... Bxb6 $11 38. Kc3 Kf6 {[%emt 0:00:14] Weighted Error Value: White=0.09 (flawless) /Black=0.11 (very precise)} 1/2-1/2

[Event "44th Chess Olympiad Open 2022"]
[Site "Chennai"]
[Date "2022.08.09"]
[Round "11.19"]
[White "Albornoz Cabrera, Carlos Daniel"]
[Black "Panjwani, Raja"]
[Result "0-1"]
[ECO "C65"]
[WhiteElo "2566"]
[BlackElo "2450"]
[Annotator "RC"]
[PlyCount "48"]
[EventDate "2022.07.29"]
[EventType "team-tourn"]
[EventCountry "IND"]
[SourceTitle "playchess.com"]
[Source "ChessBase"]
[SourceQuality "1"]
[WhiteTeam "Cuba"]
[BlackTeam "Canada"]
[WhiteTeamCountry "CUB"]
[BlackTeamCountry "CAN"]
[TimeControl "40/5400+30:1800+30"]

1. e4 e5 2. Nf3 Nc6 3. Bb5 Nf6 4. d3 Bc5 5. c3 d5 6. exd5 Qxd5 7. Bc4 Qd6 8. b4 Bb6 9. Nbd2 Bf5 10. a4 Bxd3 11. a5 Bxf2+ 12. Kxf2 O-O-O 13. Bxd3 Qxd3 14. Re1 e4 15. Ng5 Qxc3 16. Ra3 Qd4+ 17. Kf1 Rd5 18. Nh3 Rf5+ 19. Ke2 Nd5 20. Qb3 e3 21. Nf3 Qg4 22. Kf1 Nd4 23. Qc4 Rxf3+ 24. Kg1 Rxh3 0-1

[Event "44th Chess Olympiad Open 2022"]
[Site "Chennai"]
[Date "2022.08.09"]
[Round "11.19"]
[White "Ortiz Suarez, Isan Reynaldo"]
[Black "Preotu, Razvan"]
[Result "1-0"]
[ECO "A32"]
[WhiteElo "2526"]
[BlackElo "2445"]
[Annotator "RC"]
[PlyCount "203"]
[EventDate "2022.07.29"]
[EventType "team-tourn"]
[EventCountry "IND"]
[SourceTitle "playchess.com"]
[Source "ChessBase"]
[SourceQuality "1"]
[WhiteTeam "Cuba"]
[BlackTeam "Canada"]
[WhiteTeamCountry "CUB"]
[BlackTeamCountry "CAN"]
[TimeControl "40/5400+30:1800+30"]

1. Nf3 Nf6 2. c4 c5 3. d4 cxd4 4. Nxd4 e6 5. Nc3 d5 6. cxd5 Nxd5 7. Bd2 Bc5 8. Nb3 Be7 9. Nxd5 Qxd5 10. Bc3 Qxd1+ 11. Rxd1 Bf6 12. Bxf6 gxf6 13. g3 Bd7 14. Na5 Bc6 15. f3 f5 16. Bg2 Bd5 17. e4 fxe4 18. fxe4 Bc6 19. O-O Ke7 20. Rc1 Nd7 21. Nxc6+ bxc6 22. Rxc6 Rhc8 23. Rfc1 Rxc6 24. Rxc6 Ne5 25. Rc7+ Kf6 26. Kf2 Rb8 27. b3 a5 28. Bf3 a4 29. Bd1 axb3 30. axb3 Ra8 31. Ke2 Ra2+ 32. Bc2 Ra1 33. b4 Rh1 34. h4 Rh3 35. b5 Rxg3 36. b6 Rg8 37. b7 Rb8 38. Ke3 h6 39. Ba4 Nc4+ 40. Rxc4 Rxb7 41. Kf4 Ra7 42. Bd1 Ra1 43. Bf3 Ra7 44. Rc5 Rd7 45. Ra5 Rc7 46. Ra8 Rd7 47. Rg8 Rd4 48. Bh5 Ra4 49. Rg1 Ra5 50. Bf3 Rc5 51. Rg8 Ra5 52. Bd1 Rc5 53. Rg2 Ra5 54. Re2 Rb5 55. Re3 Rc5 56. Ra3 Rc7 57. Kg4 Kg6 58. Rg3 Rc5 59. Ba4 Kf6 60. Rg2 Ra5 61. Rf2+ Ke7 62. Bd1 Re5 63. Bf3 Ra5 64. Rb2 Kf6 65. Rb7 Kg7 66. Be2 Ra2 67. Bc4 Ra4 68. Rc7 Kg6 69. Kf4 Kf6 70. Bb5 Ra1 71. Be8 Rf1+ 72. Kg4 Kg6 73. Re7 h5+ 74. Kg3 Kg7 75. Ra7 Kg6 76. Ra5 Rg1+ 77. Kf4 Rf1+ 78. Ke5 Kg7 79. Ra7 Kf8 80. Bb5 Rf2 81. Bc4 Rh2 82. Kf6 Rf2+ 83. Kg5 Rc2 84. Rc7 Rg2+ 85. Kxh5 Rg3 86. Bb5 Re3 87. Rc4 Rg3 88. Rc5 Ke7 89. Rg5 Re3 90. e5 Re4 91. Bd3 Rd4 92. Be2 Rd2 93. Bf3 Rd3 94. Kg4 Rd4+ 95. Kg3 Rd8 96. h5 Rh8 97. Kf4 Kf8 98. Rg1 Rh7 99. Ra1 Kg7 100. Kg5 Rh6 101. Ra7 Rh8 102. Be4 1-0

[Event "44th Chess Olympiad Open 2022"]
[Site "Chennai"]
[Date "2022.08.09"]
[Round "11.19"]
[White "Noritsyn, Nikolay"]
[Black "Quesada Perez, Luis Ernesto"]
[Result "0-1"]
[ECO "B90"]
[WhiteElo "2482"]
[BlackElo "2549"]
[Annotator "RC"]
[PlyCount "100"]
[EventDate "2022.07.29"]
[EventType "team-tourn"]
[EventCountry "IND"]
[SourceTitle "playchess.com"]
[Source "ChessBase"]
[SourceQuality "1"]
[WhiteTeam "Canada"]
[BlackTeam "Cuba"]
[WhiteTeamCountry "CAN"]
[BlackTeamCountry "CUB"]
[TimeControl "40/5400+30:1800+30"]

1. e4 c5 2. Nf3 d6 3. d4 cxd4 4. Nxd4 Nf6 5. Nc3 a6 6. Nb3 Nbd7 7. a4 b6 8. g4 h6 9. Bg2 g5 10. f4 gxf4 11. Bxf4 Ne5 12. h3 Bb7 13. a5 Ng6 14. Be3 b5 15. O-O Nd7 16. Nd5 e6 17. Nb6 Rb8 18. Qe2 Nde5 19. Rad1 Be7 20. c4 bxc4 21. Nd2 Bc6 22. Ndxc4 Nxc4 23. Nxc4 Bb5 24. b3 Ne5 25. Bd4 Bxc4 26. bxc4 Qxa5 27. c5 O-O 28. cxd6 Bxd6 29. Qe3 Ng6 30. Qxh6 Be5 31. Kh1 Bxd4 32. Rxd4 Rb2 33. Rd3 Qe5 34. Rdf3 Qg7 35. Qe3 a5 36. R3f2 a4 37. e5 Rxf2 38. Rxf2 Rb8 39. Qa3 Qxe5 40. Qxa4 Qg3 41. Qc2 Nf4 42. Rf1 Nxh3 43. Rf3 Qe1+ 44. Bf1 Ng5 45. Rf4 Qe5 46. Rf2 Kg7 47. Bg2 Qg3 48. Re2 Rh8+ 49. Kg1 Nf3+ 50. Kf1 Rh1+ 0-1

[Event "44th Chess Olympiad Open 2022"]
[Site "Chennai"]
[Date "2022.08.09"]
[Round "11.20"]
[White "Ragger, Markus"]
[Black "Dardha, Daniel"]
[Result "1/2-1/2"]
[ECO "C66"]
[WhiteElo "2647"]
[BlackElo "2575"]
[Annotator "TA"]
[PlyCount "92"]
[EventDate "2022.07.29"]
[EventType "team-tourn"]
[EventCountry "IND"]
[SourceTitle "playchess.com"]
[Source "ChessBase"]
[SourceQuality "1"]
[WhiteTeam "Austria"]
[BlackTeam "Belgium"]
[WhiteTeamCountry "AUT"]
[BlackTeamCountry "BEL"]
[TimeControl "40/5400+30:1800+30"]

1. e4 e5 2. Nf3 Nc6 3. Bb5 Nf6 4. d3 d6 5. O-O a6 6. Bxc6+ {[%emt 0:00:03] C66: Ruy Lopez: Steinitz Defence.} bxc6 7. Re1 a5 {[%emt 0:00:53] 7...Nd7 is the recent fashion.} 8. d4 {[%emt 0:12:07] White is slightly better.} Nd7 9. c4 Be7 10. Nc3 O-O {[%emt 0:02:01] [#]} 11. Be3 $146 ({Predecessor:} 11. dxe5 dxe5 12. Be3 Bb4 13. Qc2 Qe7 14. Red1 Re8 15. Na4 Nc5 16. a3 Nxa4 17. axb4 {0-1 (94) Sjugirov,S (2696)-Oparin,G (2683) Chess.com INT 2022}) 11... Re8 12. dxe5 dxe5 13. Qa4 Bb7 14. Red1 Qc8 15. Qc2 f6 16. Nd2 (16. Ne1 $14) 16... c5 $1 $11 17. Na4 Bc6 $1 18. Nb1 Qa6 19. Nbc3 Qxc4 20. b3 Qf7 21. Rac1 c4 22. Nd5 Bxd5 23. Rxd5 cxb3 $1 24. Qxc7 Nf8 {[%emt 0:01:11] Strongly threatening ...Rac8.} 25. axb3 Rab8 26. Nb6 Ne6 27. Qc4 Nd4 (27... Nf4 $5 ) 28. Bxd4 exd4 29. Qxd4 Qe6 {[%emt 0:02:32] Prevents Rc6.} 30. Nc4 Rxb3 31. Nxa5 Rb4 {[%emt 0:01:24] The position is equal.} 32. Qd3 Rxe4 {[%emt 0:00:46] [#] aiming for ...Re1+.} 33. g3 Bb4 {[%emt 0:02:58] And now ...Bxa5 would win.} 34. Rd8 Rxd8 35. Qxd8+ Kf7 {[%emt 0:00:25] Threatens to win with ...Re1+.} 36. Rf1 h5 37. Qd1 h4 38. Nb3 h3 39. Nc5 Bxc5 40. Qh5+ Kg8 {[%emt 0:00:21][%cal Oc5f2] [#] ( -> ...Bxf2+!)} 41. Qxc5 {[%emt 0:30:01][%mdl 4096] Endgame KQR-KQR} Re1 42. Qh5 Rxf1+ 43. Kxf1 Qc4+ 44. Ke1 Qe4+ 45. Kd2 Qd4+ 46. Ke2 Qe4+ {[%emt 0:00:00] Weighted Error Value: White=0.07 (flawless) /Black=0.05 (flawless)} 1/2-1/2

[Event "44th Chess Olympiad Open 2022"]
[Site "Chennai"]
[Date "2022.08.09"]
[Round "11.20"]
[White "Shengelia, David"]
[Black "Lenaerts, Lennert"]
[Result "1/2-1/2"]
[ECO "A14"]
[WhiteElo "2462"]
[BlackElo "2379"]
[Annotator "RC"]
[PlyCount "178"]
[EventDate "2022.07.29"]
[EventType "team-tourn"]
[EventCountry "IND"]
[SourceTitle "playchess.com"]
[Source "ChessBase"]
[SourceQuality "1"]
[WhiteTeam "Austria"]
[BlackTeam "Belgium"]
[WhiteTeamCountry "AUT"]
[BlackTeamCountry "BEL"]
[TimeControl "40/5400+30:1800+30"]

1. Nf3 d5 2. g3 Nf6 3. Bg2 e6 4. O-O Be7 5. b3 O-O 6. c4 b6 7. cxd5 Nxd5 8. Bb2 Bb7 9. d4 c5 10. dxc5 Bxc5 11. Nbd2 Nd7 12. a3 a5 13. e4 N5f6 14. e5 Ne4 15. Nxe4 Bxe4 16. Qe2 Bd5 17. Nd2 Bxg2 18. Kxg2 Be7 19. Rfd1 Qc7 20. Rac1 Qb7+ 21. Qf3 Rab8 22. Nc4 Nc5 23. Qxb7 Rxb7 24. Nd6 Rd7 25. b4 Na4 26. Ba1 axb4 27. Nc8 Rb7 28. Nxe7+ Rxe7 29. axb4 b5 30. Rd6 Rb7 31. Bd4 Rfb8 32. Rcc6 Kf8 33. g4 Ke8 34. f4 Rd8 35. Kf3 Rbd7 36. Ke4 Ke7 37. Rxd7+ Kxd7 38. Rd6+ Ke7 39. Ra6 Rc8 40. Ra7+ Ke8 41. Kd3 Rc1 42. Rb7 Rd1+ 43. Ke3 Re1+ 44. Kd2 Re4 45. Kd3 Rxf4 46. Rxb5 Rf3+ 47. Kd2 Rh3 48. Ra5 Rxh2+ 49. Kc1 Rh1+ 50. Kc2 Rh2+ 51. Kb3 Rd2 52. Bg1 Nb2 53. Ra2 Rd1 54. Bc5 Nd3 55. Ra8+ Kd7 56. Kc2 Nxc5 57. Kxd1 Nd3 58. Ra7+ Kc6 59. Rxf7 g5 60. Kd2 Nxb4 61. Kc3 Kc5 62. Rxh7 Nc6 63. Rg7 Kd5 64. Rxg5 Nxe5 65. Rg8 Ke4 66. g5 Kf5 67. Re8 Kxg5 68. Rxe6 Kf5 69. Re8 Ke4 70. Re7 Kd5 71. Ra7 Ke4 72. Ra1 Kd5 73. Rd1+ Ke4 74. Re1+ Kd5 75. Re2 Nc6 76. Rd2+ Ke4 77. Re2+ Kd5 78. Kd3 Ne5+ 79. Ke3 Nc4+ 80. Kf4 Nd6 81. Rd2+ Ke6 82. Rd1 Nf7 83. Re1+ Kd5 84. Rd1+ Ke6 85. Ke4 Nd6+ 86. Kd4 Nf5+ 87. Kc5 Ke5 88. Rd5+ Ke4 89. Rxf5 Kxf5 1/2-1/2

[Event "44th Chess Olympiad Open 2022"]
[Site "Chennai"]
[Date "2022.08.09"]
[Round "11.20"]
[White "Hovhannisyan, Mher"]
[Black "Horvath, Dominik"]
[Result "0-1"]
[ECO "D48"]
[WhiteElo "2420"]
[BlackElo "2488"]
[Annotator "RC"]
[PlyCount "116"]
[EventDate "2022.07.29"]
[EventType "team-tourn"]
[EventCountry "IND"]
[SourceTitle "playchess.com"]
[Source "ChessBase"]
[SourceQuality "1"]
[WhiteTeam "Belgium"]
[BlackTeam "Austria"]
[WhiteTeamCountry "BEL"]
[BlackTeamCountry "AUT"]
[TimeControl "40/5400+30:1800+30"]

1. Nf3 d5 2. e3 Nf6 3. c4 e6 4. b3 Be7 5. Bb2 O-O 6. Nc3 dxc4 7. Bxc4 a6 8. d4 b5 9. Bd3 Bb7 10. Rc1 Nbd7 11. O-O c5 12. Qe2 cxd4 13. exd4 Qa5 14. a4 bxa4 15. Nxa4 Rfc8 16. Rxc8+ Rxc8 17. Ra1 Qd5 18. Bc4 Qf5 19. Ne5 Nxe5 20. Qxe5 Qc2 21. Rc1 Qd2 22. Qe3 Qxe3 23. fxe3 Nd5 24. Kf2 Nf6 25. Kg1 Ng4 26. Re1 Bd6 27. h3 Nf6 28. Nc3 a5 29. Ra1 Bb4 30. Na2 Bd2 31. Bc1 Ne4 32. Bxd2 Nxd2 33. Nc3 Nxb3 34. Rb1 Rxc4 35. Rxb3 Rb4 36. Ra3 Rb2 37. Rxa5 Rxg2+ 38. Kf1 h6 39. d5 Rc2 40. Ra7 Rxc3 41. Rxb7 exd5 42. Ke2 Rc4 43. Rd7 Rh4 44. Rxd5 Rxh3 45. Kf2 g5 46. e4 Kg7 47. Re5 Kg6 48. Ra5 g4 49. Rb5 Rf3+ 50. Kg2 Re3 51. Re5 h5 52. Kf2 Rf3+ 53. Kg2 h4 54. Re8 Kg5 55. e5 h3+ 56. Kh2 Rf2+ 57. Kg1 h2+ 58. Kh1 g3 0-1